 Dungeon Crawl Stone Soup version 0.28.0-43-g3370ac3207 (webtiles) character file.

Game seed: 4350406409774920646

90 Acheron the Magician (level 4, 0/40 HPs)
             Began as a Troll Hedge Wizard on Mar 8, 2022.
             Slain by Grinder (6 damage)
             ... on level 3 of the Dungeon.
             The game lasted 00:12:30 (2077 turns).

Acheron the Magician (Troll Hedge Wizard)           Turns: 2077, Time: 00:12:30

Health: 0/40       AC:  4    Str: 18    XL:     4   Next: 32%
Magic:  6/6        EV: 10    Int: 10    God:
Gold:   74         SH:  0    Dex: 11    Spells: 2/7 levels left

rFire   . . .      SeeInvis .     - Unarmed
rCold   . . .      Faith    .   (no shield)
rNeg    . . .      Spirit   .   b - +0 robe
rPois   +          Reflect  .   c - +0 hat
rElec   .          Harm     .   (no cloak)
rCorr   .          Rampage  .   (gloves unavailable)
Will    .....                   (boots unavailable)
Stlth   ++........              (no amulet)
HPRegen 0.93/turn               n - ring of poison resistance
MPRegen 0.10/turn               e - ring of wizardry

@: no status effects
A: large, unfitting armour, claws 3, regeneration 1, shaggy fur 1, tough skin 1
a: no special abilities


You were on level 3 of the Dungeon.
You visited 1 branch of the dungeon, and saw 4 of its levels.

You collected 74 gold pieces.

Inventory:

Hand Weapons
 a - a +1 dagger
 l - a +0 war axe
Missiles
 g - 41 stones
 p - a poisoned dart (quivered)
Armour
 b - a +0 robe (worn)
 c - a +0 hat (worn)
Jewellery
 e - a ring of wizardry (right claw)
 h - a ring of fire
 i - an amulet of magic regeneration
 j - a ring of see invisible
 n - a ring of poison resistance (left claw)
Wands
 o - a wand of iceblast (15)
Scrolls
 k - a scroll of vulnerability {unknown}
Potions
 d - 2 potions of lignification
 f - a potion of mutation


   Skills:
 * Level 0.8 Fighting
 * Level 2.2 Dodging
 * Level 1.3 Stealth
 * Level 1.7 Unarmed Combat
 * Level 2.2 Spellcasting
 * Level 1.1 Conjurations
 + Level 0.6 Summonings
 + Level 0.6 Translocations


You had 2 spell levels left.
You knew the following spells:

 Your Spells              Type           Power      Damage    Failure   Level
a - Magic Dart            Conj           12%        1d3       9%          1
b - Slow                  Hex            4%         N/A       12%         1
c - Blink                 Tloc           4%         N/A       14%         2
d - Foxfire               Conj/Fire      8%         2x1d4     10%         1

Your spell library contained the following spells:

 Spells                   Type           Power      Damage    Failure   Level
 Call Imp                 Summ           2%         N/A       14%         2
 Conjure Flame            Conj/Fire      2%         6-21      28%         3
 Mephitic Cloud           Conj/Pois/Air  1%         N/A       30%         3
 Inner Flame              Hex/Fire       1%         N/A       34%         3
 Flame Wave               Conj/Fire      2%         2d4       65%         4


Dungeon Overview and Level Annotations

Branches:
Dungeon (4/15)
 Temple: D:4-7

Altars:

Annotations:
D:2 exclusion: 2 downstairs
D:3 Grinder


Innate Abilities, Weirdness & Mutations

You are too large for most types of armour.
You have claws for hands.
Your natural rate of healing is unusually fast.
You are covered in fur. (AC +1)
You have tough skin. (AC +1)


Message History

You now have 74 gold pieces (gained 13).
You open the door.
There is an open door here.
Grinder says, "Are you a fish?"
Throw: 2 darts (poison)
Press: ? - help, Q - select action, (/) - cycle Shift-Dir - straight line, f - Grinder
Aim: Grinder (50% to hit)
You throw a poisoned dart.
The poisoned dart completely misses Grinder.
You closely miss Grinder. Grinder hits you.
You writhe in agony.
You closely miss Grinder.
Grinder says, "There's only one good use for a tongue: cutting it out."
Grinder hits you!
You claw Grinder!
Grinder is moderately wounded.
Grinder hits you but does no damage.
You scratch Grinder.
Grinder is moderately wounded.
Grinder gestures at you. You resist with significant effort.
You closely miss Grinder.
Grinder is moderately wounded.
Grinder closely misses you.
You scratch Grinder.
Grinder is moderately wounded.
Grinder hits you.
You writhe in agony.
You closely miss Grinder.
Grinder is moderately wounded.
Grinder gestures at you. Pain shoots through your body!
You claw Grinder!
Grinder is heavily wounded.
Grinder hits you!
You writhe in agony.
* * * LOW HITPOINT WARNING * * *
You claw Grinder!
Grinder is severely wounded.
Grinder hits you!
* * * LOW HITPOINT WARNING * * *
You writhe in agony.
You die...

#......###.........#.##..
#....................>..
##........................
#K....................##..
##.........................
.......................##
..............(....(...#
#+#####5##......## ...
##....@###......##
#..+###.#.###+.......#
#..#.###.###.#......##
#..#..#.#.#..#.(....#
..#.#.###.#.#......#
#.#..#.#.#..#......##
#.#.###.###.#.##....#
#.'###.#.###')#######
#.###....)###)#


You could see Grinder.

Vanquished Creatures
  A gnoll (D:2)
  An adder (D:3)
  A worm (D:2)
  A dart slug (D:2)
  9 orcs
  7 ball pythons
  3 bats
  4 endoplasms
  4 giant cockroaches
  2 hobgoblins
  4 jackals (D:3)
  2 kobolds
  3 frilled lizards (D:3)
  7 goblins
  4 rats
53 creatures vanquished.

Vanquished Creatures (others)
  2 fungi (D:3)
2 creatures vanquished.

Grand Total: 55 creatures vanquished

Notes
Turn   | Place    | Note
-------+----------+-------------------------------------------
     0 | D:1      | Acheron the Troll Hedge Wizard began the quest for the Orb.
     0 | D:1      | Reached XP level 1. HP: 16/16 MP: 2/2
     3 | D:1      | Learned a level 1 spell: Slow
   353 | D:1      | Reached XP level 2. HP: 26/26 MP: 0/4
   483 | D:1      | Found a faded altar of an unknown god.
  1171 | D:2      | Learned a level 2 spell: Blink
  1173 | D:2      | Learned a level 1 spell: Foxfire
  1188 | D:3      | Reached XP level 3. HP: 28/32 MP: 5/5
  1384 | D:2      | Reached skill level 1 in Unarmed Combat
  1401 | D:2      | Reached skill level 1 in Conjurations
  1532 | D:3      | Noticed Grinder
  1724 | D:3      | Reached XP level 4. HP: 40/40 MP: 6/6
  2077 | D:3      | Slain by Grinder

Illustrated notes

Levels and vault maps discovered:
D:1:      lightli_arrival_lavapool, layout_basic,
          hellmonk_ecumenical_altar_run_dry, serial_glass, glass_columns_a,
          glass_columns_a, glass_columns_a, glass_columns_a, glass_columns_a,
          glass_columns_a
D:2:      layout_rooms, corner_web_ring
D:3:      layout_rooms, serial_rivers, chequers_serial_rivers_small_b,
          chequers_serial_rivers_micro_b, chequers_serial_rivers_small_3,
          chequers_serial_rivers_small_b, chequers_serial_rivers_micro_b,
          roderic_cross_of_infinity, minmay_misc_feat_room,
          kennysheep_generic_room_14, uniq_grinder, uniq_crazy_yiuf_cottage
D:4:      layout_rooms, serial_shops, nicolae_shop_hallway_plus

Skill      XL: |  1  2  3 |
---------------+----------+-----
Unarmed Combat | 1 |  1.7
Dodging        | 2 |  2.2
Conjurations   | 1 |  1.1
Fighting       | |  0.8
Stealth        | |  1.3
Spellcasting   | |  2.2
Summonings     | |  0.6
Translocations | |  0.6

Action                   |  1- 3 |  4- 6 || total
-------------------------+-------+-------++-------
Melee: Unarmed           |   118 |    36 ||   154
       Punch             |     2 |       ||     2
Throw: Dart              |       |     3 ||     3
 Cast: Magic Dart        |    15 |     5 ||    20
  Use: Scroll            |     6 |       ||     6
 Stab: Sleeping          |     5 |       ||     5
Armor: Robe              |    36 |     7 ||    43
Dodge: Dodged            |    40 |    13 ||    53
